 Dungeon Crawl Stone Soup version 0.30-a0-782-ge64f9170bb (webtiles) character file.

Game seed: 1394430578732466822

205 jt the Cudgeller (level 5, 0/50 HPs)
             Began as an Ogre Fire Elementalist on Mar 4, 2023.
             Was a Believer of Trog.
             Succumbed to a scorpion's poison
             ... on level 4 of the Dungeon.
             The game lasted 00:08:29 (3580 turns).

jt the Cudgeller (Ogre Fire Elementalist)           Turns: 3580, Time: 00:08:30

Health: 0/50       AC:  5    Str: 16 (18) XL:     5   Next: 83%
Magic:  9/9        EV:  9    Int: 12 (15) God:    Trog [**....]
Gold:   128        SH:  0    Dex:  6 (8)  Spells: 6/9 levels left

rFire   + . .      SeeInvis +    s - +0 flail
rCold   + . .      Faith    .    (no shield)
rNeg    . . .      Spirit   .    k - +0 robe
rPois   +          Reflect  .    (helmet restricted)
rElec   +          Harm     .    (no cloak)
rCorr   +          Rampage  .    (gloves unavailable)
Will    .....                    (boots unavailable)
Stlth   +                        (no amulet)
HPRegen 0.28/turn                o - ring of resist corrosion
MPRegen 0.11/turn                (no ring)

@: lethally poisoned (0 -> -10), resistant
A: large, unfitting armour, tough skin 1, iridescent scales 1, see invisible,
strong 1, evolution 1, MP-powered wands
a: Renounce Religion, Berserk, Trog's Hand


You were on level 4 of the Dungeon.
You worshipped Trog.
Trog was pleased with you.
You visited 1 branch of the dungeon, and saw 4 of its levels.

You collected 128 gold pieces.

Inventory:

Hand Weapons
 a - a +0 whip
 d - a +0 war axe
 e - a +0 hand axe
 h - a +0 sling
 n - a +0 vampiric short sword
 p - a +0 mace
 s - a +0 flail (weapon)
Missiles
 c - 13 stones (quivered)
Armour
 k - a +0 robe (worn)
Jewellery
 o - a ring of resist corrosion (left hand)
Scrolls
 f - a scroll of enchant armour {unknown}
 g - 3 scrolls of butterflies
 i - a scroll of fear {unknown}
 j - 2 scrolls of poison
 l - 2 scrolls of magic mapping
 t - a scroll of blinking
Potions
 b - 3 potions of magic
 q - a potion of degeneration


   Skills:
 + Level 2.4 Fighting
 + Level 3.6 Maces & Flails
 + Level 2.2 Dodging
 - Level 1.4 Stealth
 - Level 2.8 Spellcasting
 - Level 1.3 Conjurations
 - Level 2.9 Fire Magic


You had 6 spell levels left.
You knew the following spells:

 Your Spells              Type           Power      Damage    Failure   Level
a - Foxfire               Conj/Fire      24%        2x1d5     11%         1
b - Scorch                Fire           16%        2d5       11%         2

Your spell library contained the following spells:

 Spells                   Type           Power      Damage    Failure   Level
 Cigotuvi's Dreadful Rot  Necr/Pois/Air  2%         N/A       36%         2
 Poisonous Vapours        Pois/Air       2%         N/A       36%         2
 Inner Flame              Hex/Fire       5%         N/A       38%         3
 Kindle Blastsparks       Fire/Tloc/Air  8%         2d10      45%         3
 Mephitic Cloud           Conj/Pois/Air  2%         N/A       54%         3
 Flame Wave               Conj/Fire      6%         2d5       71%         4


Dungeon Overview and Level Annotations

Branches:
Dungeon (4/15)
 Temple: D:4-7

Altars:
Ashenzari
Fedhas
Hepliaklqana
Makhleb
Ru
Trog
Uskayaw
Xom
Yredelemnul

Shops:
D:1 [   D:2 [


Innate Abilities, Weirdness & Mutations

You are too large for most types of armour.
You have tough skin. (AC +1)
You are partially covered in iridescent scales. (AC +2)
You have supernaturally acute eyesight. (SInv)
Your muscles are strong. (Str +4, Int/Dex -1)
You have hidden genetic potential.
You expend magic power (3 MP) to strengthen your wands.


Message History

The scorpion is lightly wounded.
The scorpion stings you.
You are poisoned.
The scorpion poisons you!
You thump the scorpion!
The scorpion is severely wounded.
You feel very sick. The scorpion stings you.
You are more poisoned.
The scorpion poisons you!
You barely miss the scorpion.
The scorpion is severely wounded.
You feel very sick. The scorpion closely misses you. The scorpion stings you.
You are more poisoned.
The scorpion poisons you!
You are too injured to fight recklessly!
You are too injured to fight recklessly!
You are too injured to fight recklessly!
You are too injured to fight recklessly!
You barely miss the scorpion.
The scorpion is severely wounded.
You feel very sick. The scorpion stings you.
You closely miss the scorpion.
The scorpion is severely wounded.
* * * LOW HITPOINT WARNING * * *
You feel very sick. The scorpion stings you!
* * * LOW HITPOINT WARNING * * *
The scorpion barely misses you.
It was a potion of degeneration.
There was something very wrong with that liquid.
You feel weakened.
You feel dopey.
You feel clumsy.
* * * LOW HITPOINT WARNING * * *
You feel very sick. The scorpion closely misses you.
It was a potion of resistance.
You feel protected.
You die...

########.# ##. ...
#......#.# ### ......
#.####.#.# #.. ......
#......#.# #.# ......
###.####'######.#
......#####..........##.#
..........#.#........##.#
..........#.#........##.#
.......s@.'.#........##..
.#.......###........####
####....# #........#
#....# #........# ######
#........# ##########


You could see a scorpion.

Vanquished Creatures
  A hound (D:4)
  Jessica (D:2)
  An orc wizard (D:3)
  4 adders
  2 dart slugs (D:3)
  6 orcs (D:3)
  7 ball pythons
  8 endoplasms
  6 giant cockroaches
  7 goblins
  6 hobgoblins
  A quokka (D:2)
  6 bats
  6 frilled lizards
  6 kobolds
  8 rats
76 creatures vanquished.

Vanquished Creatures (others)
  19 foxfires (D:1)
19 creatures vanquished.

Grand Total: 95 creatures vanquished

Notes
Turn   | Place    | Note
-------+----------+-------------------------------------------
     0 | D:1      | jt the Ogre Fire Elementalist began the quest for the Orb.
     0 | D:1      | Reached XP level 1. HP: 16/16 MP: 3/3
    92 | D:1      | Reached skill level 1 in Conjurations
   153 | D:1      | Found Bejapso's Antique Armour Emporium.
   187 | D:1      | Reached XP level 2. HP: 24/24 MP: 1/5
   191 | D:1      | Learned a level 2 spell: Scorch
   667 | D:1      | Found a faded altar of an unknown god.
   685 | D:1      | Prayed at the altar of an unknown god.
   685 | D:1      | Became a worshipper of Trog the Wrathful
   685 | D:1      | Reached * piety under Trog
   761 | D:1      | Reached skill level 1 in Fighting
   979 | D:1      | Reached XP level 3. HP: 25/33 MP: 7/7
  1199 | D:2      | Reached skill level 1 in Maces & Flails
  1454 | D:2      | Noticed Jessica
  1473 | D:2      | Killed Jessica
  1474 | D:2      | Reached skill level 2 in Maces & Flails
  1474 | D:2      | Reached XP level 4. HP: 27/42 MP: 8/8
  1527 | D:2      | Found Ugebb's Antique Armour Shoppe.
  1979 | D:3      | Found a sacrificial altar of Ru.
  2037 | D:3      | Gained mutation: Your muscles are strong. (Str +4, Int/Dex
                  | -1) [potion of mutation]
  2037 | D:3      | Gained mutation: You have hidden genetic potential. [potion
                  | of mutation]
  2037 | D:3      | Gained mutation: You have supernaturally acute eyesight.
                  | (SInv) [potion of mutation]
  2037 | D:3      | Gained mutation: You are partially covered in iridescent
                  | scales. (AC +2) [potion of mutation]
  2040 | D:3      | Reached ** piety under Trog
  2041 | D:3      | Reached XP level 5. HP: 13/49 MP: 9/9
  2047 | D:3      | Reached skill level 3 in Maces & Flails
  2731 | D:3      | Found a basalt altar of Yredelemnul.
  2732 | D:3      | Found a burning altar of Makhleb.
  2733 | D:3      | Gained mutation: You expend magic power (3 MP) to
                  | strengthen your wands. [hidden potential]
  2737 | D:3      | Found a hide-covered altar of Uskayaw.
  2764 | D:3      | Found a blossoming altar of Fedhas.
  2769 | D:3      | Found a shimmering altar of Xom.
  2775 | D:3      | Found a broken altar of Ashenzari.
  2780 | D:3      | Found a hazy altar of Hepliaklqana.
  3579 | D:4      | HP: 2/50 [poisoned by a scorpion]
  3580 | D:4      | Succumbed to a scorpion's poison

Illustrated notes

Levels and vault maps discovered:
D:1:      scummos_arrival_checkerplants, layout_loops_corners, serial_shops,
          nicolae_shop_advertising_works [nicolae_subvault_shop_adworks],
          dreamdust_ecumenical_altar_grove, minmay_tetromino_s4
D:2:      layout_rooms, serial_shops, shop, uniq_jessica
D:3:      layout_loops_ring, mainiacjoe_overflow_catwalk,
          grunt_temple_overflow_octagram, bh_walls_and_bars
D:4:      layout_basic, mainiacjoe_overflow_alcove_4,
          gammafunk_ghost_nasty_kobolds

Skill      XL: |  1  2  3  4  5 |
---------------+----------------+-----
Conjurations   | 1 |  1.3
Fighting       | 1 2 |  2.4
Dodging        | 2 |  2.2
Maces & Flails | 2 3 |  3.6
Stealth        | |  1.4
Spellcasting   | |  2.8
Fire Magic     | |  2.9

Action                     |  1- 3 |  4- 6 || total
---------------------------+-------+-------++-------
  Melee: Club              |    27 |       ||    27
         Unarmed           |     1 |       ||     1
         Whip              |    75 |   137 ||   212
         Flail             |       |    74 ||    74
         Punch             |       |     3 ||     3
  Throw: Stone             |     7 |    23 ||    30
   Cast: Foxfire           |    15 |       ||    15
 Invoke: Berserk           |     1 |       ||     1
    Use: Potion            |     1 |     6 ||     7
         Scroll            |       |     6 ||     6
   Stab: Sleeping          |     2 |     1 ||     3
 Armour: Robe              |    34 |    82 ||   116
  Dodge: Dodged            |    59 |   136 ||   195

Table legend: (Time is in decaauts)
 A = Elapsed time spent in this place.
 B = Non-inter-level travel time spent in this place.
 C = Inter-level travel time spent in this place.
 D = Time resting spent in this place.
 E = Time spent auto-exploring this place.
 F = Levels seen in this place.
 G = Mean time per level.
                   A        B        C        D        E       F      G
               +--------+--------+--------+--------+--------+-----+--------+
         Total |   3632 |   3509 |    123 |    462 |   1891 |   4 |  908.0 |
       Dungeon |   3632 |   3509 |    123 |    462 |   1891 |   4 |  908.0 |
               +--------+--------+--------+--------+--------+-----+--------+

Top non-repeatable levels by time:
     D:3: 1158 daAuts
     D:1: 1150 daAuts
     D:2: 809 daAuts
     D:4: 515 daAuts
